 Dungeon Crawl Stone Soup version 0.19-a0-1834-g6b7851e (webtiles) character file.

43 Alarkh the Grave Robber (level 3, -1/24 HPs)
             Began as a Mummy Necromancer on Oct 9, 2016.
             Slain by a kobold
             ... wielding a +0 whip
              (3 damage)
             ... on level 3 of the Dungeon.
             The game lasted 00:03:30 (2744 turns).

Alarkh the Grave Robber (Mummy Necromancer)         Turns: 2744, Time: 00:03:31

Health: -1/24      AC:  3    Str: 11    XL:     3   Next: 37%
Magic:  0/7        EV: 11    Int: 15    God:
Gold:   62         SH:  0    Dex: 12    Spells: 2 memorised, 3 levels left

rFire  x . .     SeeInvis .     h - +0 trident
rCold  + . .     Gourm    .     a - +0 robe
rNeg   + + +     Faith    .     (no shield)
rPois  ∞         Spirit   .     (no helmet)
rElec  .         Dismiss  .     (no cloak)
rCorr  .         Reflect  .     d - +0 pair of gloves
MR     .....     Harm     .     (no boots)
Stlth  +.........               (no amulet)
                                (no ring)
                                (no ring)

@: no status effects
A: no food or potions, fire vulnerability, cold resistance 1, negative energy
resistance 3, torment resistance, unbreathing
a: no special abilities


You were on level 3 of the Dungeon.
You were not hungry.

You visited 1 branch of the dungeon, and saw 3 of its levels.

You collected 62 gold pieces.

Inventory:

Hand Weapons
 e - a +0 dagger
 h - a +0 trident (weapon)
Armour
 a - a +0 robe (worn)
 d - a +0 pair of gloves (worn)
Scrolls
 c - a scroll of random uselessness {unknown}
 f - a scroll of teleportation
 g - a scroll of identify {unknown}
Books
 b - a book of Necromancy

   Spells                             Type                      Level
   a - Pain                           Necromancy                   1
   b - Animate Skeleton               Necromancy                   1
   c - Vampiric Draining              Necromancy                   3
   d - Regeneration                   Charms/Necromancy            3
   e - Animate Dead                   Necromancy                   4
   f - Control Undead                 Necromancy                   4


   Skills:
 - Level 1.5(0.7) Dodging
 - Level 1.5(0.7) Stealth
 + Level 2.7(1.3) Spellcasting
 + Level 4.7(2.3) Necromancy


You had 3 spell levels left.
You knew the following spells:

 Your Spells              Type           Power        Failure   Level  Hunger
a - Pain                  Necr           #...         12%         1    N/A
b - Vampiric Draining     Necr           #.........   30%         3    N/A

Dungeon Overview and Level Annotations

Branches:
Dungeon (3/15)

Altars:
Ashenzari
The Shining One

Annotations:
D:2 Sigmund
D:3 Jessica


Innate Abilities, Weirdness & Mutations

You do not eat or drink.
Your flesh is vulnerable to fire.
You are immune to poison.
Your flesh is cold resistant. (rC+)
You are immune to negative energy. (rN+++)
You are immune to unholy pain and torment.
You can survive without breathing.


Message History

The kobold throws a stone.
The stone closely misses you.
Things that are here:
a trident; a leather armour
h - a trident Wield which item (- for none, * to show all)? (? for menu, Esc to quit)
h - a +0 trident (weapon)
Attack whom?
Press: ? - help, Dir - move target cursor, f - kobold
Aim: a kobold, wielding a whip You reach to attack!
You closely miss the kobold.
Attack whom?
Press: ? - help, Dir - move target cursor, f/p - kobold
Aim: a kobold, wielding a whip You barely miss the kobold.
The kobold closely misses you. The kobold barely misses you.
Attack whom?
Press: ? - help, Dir - move target cursor, f/p - kobold
Aim: a kobold, wielding a whip You barely miss the kobold.
The kobold hits you with a whip.
You die...

#######...<.######.#
...@.....)#....†.#.##
...!..... .......
...... ###$..#. #..#
#....... ##..#
#....... ###..##
##.......
#<...######......?.
#.@...).....#######
#(K..######## #(..##
#....# .......#
..##..##.l. .). #.##
###.. .. #. . . ..


You could see a leopard gecko (wandering) and a kobold.

Vanquished Creatures
  A dart slug (D:2)
  3 leopard geckos
  An orc (D:3)
  3 bats
  5 goblins
  5 hobgoblins
  3 jackals (D:1)
  A quokka (D:1)
  A ball python (D:2)
  4 frilled lizards
  3 kobolds
  5 rats
35 creatures vanquished.

Notes
Turn   | Place    | Note
-------+----------+-------------------------------------------
     0 | D:1      | Alarkh the Mummy Necromancer began the quest for the Orb.
     0 | D:1      | Reached XP level 1. HP: 13/13 MP: 3/3
    48 | D:1      | Found a shattered altar of Ashenzari.
   343 | D:1      | Reached XP level 2. HP: 18/19 MP: 0/5
   381 | D:1      | Became a worshipper of Ashenzari the Shackled
   382 | D:1      | Fell from the grace of Ashenzari
  1056 | D:2      | Noticed Sigmund
  1305 | D:2      | Reached XP level 3. HP: 19/24 MP: 0/6
  1424 | D:1      | Learned a level 3 spell: Vampiric Draining
  2526 | D:2      | Found a glowing golden altar of the Shining One.
  2727 | D:3      | Noticed Jessica
  2730 | D:3      | HP: 1/24 [orc/trident (7)]
  2744 | D:3      | Slain by a kobold

Vault maps used:
D:1:      ncdulo_halloftheorcs, ashenzari_altar_1
D:2:      nicolae_overflow_crystal_walls, kennysheep_generic_room_11,
          uniq_sigmund, uniq_robin
D:3:      first_bread, tso_altar, uniq_jessica

Action                   || total
-------------------------++-------
Melee: Dagger            ||    51
       Trident           ||     3
 Cast: Pain              ||    94
Invok: Renounce Religion ||     1
  Use: Scroll            ||     2
Armor: Robe              ||    21
Dodge: Dodged            ||    71
